 Dungeon Crawl Stone Soup version 0.31.0-11-ge490571c62 (webtiles) character file.

Game seed: 8952662883998276388

121 Bobbunny the Ruffian (level 4, -18/37 HPs)
             Began as a Demigod Shapeshifter on Jan 30, 2024.
             Demolished by Terence
             ... wielding a +1 short sword of electrocution
              (20 damage)
             ... on level 3 of the Dungeon.
             The game lasted 00:01:44 (1578 turns).

Bobbunny the Ruffian (Demigod Shapeshifter)         Turns: 1578, Time: 00:01:45

Health: -18/37     AC:  8    Str: 19    XL:     4   Next: 48%
Magic:  6/6        EV: 13    Int: 12    God:
Gold:   57         SH:  0    Dex: 13    Spells: 3/3 levels left

rFire   . .          .
                       - Unarmed
rCold   . . .        (no shield)
rNeg    . . .        r - +0 chain mail
rPois   .            (helmet currently unavailable)
rElec   .            (cloak currently unavailable)
rCorr   .            (gloves currently unavailable)
SInv    .            (boots currently unavailable)
Will    .....        (no amulet) Stlth
                     f - +5 ring of evasion
HPRegen 0.26/turn    (no ring)
MPRegen 0.10/turn

%: no passive effects
@: beast-form, silenced
A: beast (slay +2), high MP 1, forlorn, divine attributes
a: Begin Untransformation


You were on level 3 of the Dungeon.
You were a hulking beast.
You visited 1 branch of the dungeon, and saw 3 of its levels.

You collected 57 gold pieces.

Inventory:

Missiles
 n - 2 atropa-tipped darts (quivered)
Armour
 r - a +0 chain mail (worn)
Jewellery
 f - a +5 ring of evasion (left hand)
Talismans
 c - a beast talisman
 d - a flux talisman
Wands
 a - a wand of paralysis (5)
Scrolls
 h - a scroll of amnesia {unknown}
 i - 2 scrolls of immolation
 j - a scroll of fear
 k - a scroll of revelation {unknown}
 p - a scroll of noise
Potions
 b - a potion of lignification
 e - a potion of attraction
 l - a potion of heal wounds {unknown}
 m - a potion of cancellation
 o - a potion of ambrosia {unknown}
 q - a potion of enlightenment {unknown}


   Skills:
 + Level 2.4 Fighting
 - Level 1.7 Dodging
 + Level 3.6 Unarmed Combat
 + Level 3.5 Shapeshifting


You had 3 spell levels left.
You didn't know any spells.
Your spell library contained the following spells:

 Spells                   Type           Power      Damage    Failure   Level
 Foxfire                  Conj/Fire      0%         2x1d4     97%         1
 Plasma Beam              Fire/Air       0%         2x1d10    100%        6
 Starburst                Conj/Fire      0%         6d3       100%        6


Dungeon Overview and Level Annotations

Branches:
Dungeon (3/15)

Annotations:
D:3 Terence


Innate Abilities, Weirdness & Mutations

You are a hulking beast.
Your limbs bulge with bestial killing power. (Slay +2)
You have an increased reservoir of magic. (+10% MP)
You shall have no god before yourself.
Your divine heritage dramatically boosts your attributes as you level up.


Message History

You are electrocuted!
The endoplasm misses you.
You hit Terence but do no damage.
Terence is severely wounded.
Terence hits you but does no damage.
You are electrocuted!
* * * LOW HITPOINT WARNING * * *
The orc hits you with a +0 club.
* * * LOW HITPOINT WARNING * * *
The endoplasm freezes you.
You are frozen.
* * * LOW HITPOINT WARNING * * *
You are too injured to fight recklessly!
As you read the scroll labelled NESHEESK NITWU, it crumbles to dust.
The creatures around you are filled with an inner flame!
It was a scroll of immolation.
Terence hits you but does no damage. The orc hits you with a +0 club.
* * * LOW HITPOINT WARNING * * *
The endoplasm hits you but does no damage.
Terence attacks as he pursues you! Terence closely misses you.
The orc attacks as it pursues you! The orc closely misses you.
The endoplasm attacks as it pursues you!
The endoplasm hits you but does no damage.
The orc attacks as it pursues you! The orc hits you but does no damage.
The endoplasm attacks as it pursues you!
The endoplasm barely misses you.
You see here 10 gold pieces.
It was a potion of curing.
You feel better. The orc hits you with a +0 club.
* * * LOW HITPOINT WARNING * * *
The endoplasm freezes you.
You are frozen.
* * * LOW HITPOINT WARNING * * *
Terence hits you with a +1 short sword of electrocution.
* * * LOW HITPOINT WARNING * * *
As you read the scroll labelled LIMOW SUIJOLIL, it crumbles to dust.
A profound silence engulfs you.
It was a scroll of silence.
The orc hits you but does no damage. The endoplasm barely misses you.
Terence hits you with a +1 short sword of electrocution.
* * * LOW HITPOINT WARNING * * *
You are electrocuted!!
Ouch! That really hurt!
You die...

######### #.....# #
#.......# #.....##### #
........###....)....####
#..(............###.>...
#)..............#######.
#..................## #.
#....<..................
#.####....###...####....
###.....oh....#...#
#####
#.!.....@J......#.#
................#.#
##..............#.)
#..............# #.
#...............
#...............
#.............#.
...............#


You could see Terence (inner flame), an orc (inner flame) and an endoplasm
(inner flame, unsilenced).

Vanquished Creatures
  Natasha (thrice) (D:2)
  An adder (D:2)
  2 ribbon worms (D:2)
  A dart slug (D:2)
  2 endoplasms (D:1)
  2 giant cockroaches
  4 goblins
  A hobgoblin (D:1)
  2 jackals (D:1)
  3 quokkas
  2 ball pythons
  A bat (D:2)
  2 frilled lizards (D:1)
  3 kobolds
  4 rats
33 creatures vanquished.

Notes
Turn   | Place    | Note
-------+----------+-------------------------------------------
     0 | D:1      | Bobbunny the Demigod Shapeshifter began the quest for the
                  | Orb.
     0 | D:1      | Reached XP level 1. HP: 15/15 MP: 3/3
    75 | D:1      | Reached skill level 1 in Fighting
   326 | D:1      | Reached XP level 2. HP: 23/23 MP: 4/4
  1022 | D:2      | Noticed Natasha
  1032 | D:2      | Killed Natasha
  1033 | D:2      | Reached XP level 3. HP: 25/29 MP: 5/5
  1079 | D:2      | Noticed Natasha
  1089 | D:2      | Killed Natasha
  1090 | D:2      | Reached XP level 4. HP: 27/36 MP: 6/6
  1179 | D:2      | Noticed Natasha
  1188 | D:2      | Killed Natasha
  1561 | D:3      | Noticed Terence
  1578 | D:3      | Demolished by Terence

Illustrated notes

Levels and vault maps discovered:
D:1:      onia_arrival_mini_maze, layout_loops_cross
D:2:      layout_rooms, uniq_natasha
D:3:      layout_rooms, lemuel_tele_altar, kiku_gazebo_pond_becter,
          basic_ecumenical_altar, serial_shops, shop, uniq_terence

Skill      XL: |  1  2 |
---------------+-------+-----
Fighting       | 1 2 |  2.4
Unarmed Combat | 3 |  3.6
Shapeshifting  | 3 |  3.5
Dodging        | |  1.7

Action                     |  1- 3 |  4- 6 || total
---------------------------+-------+-------++-------
  Melee: Unarmed           |    86 |    27 ||   113
         Punch             |     4 |     3 ||     7
  Evoke: Wand              |       |     2 ||     2
    Use: Scroll            |       |     6 ||     6
         Potion            |       |     1 ||     1
   Stab: Paralysed         |       |     7 ||     7
 Armour: Animal skin       |    22 |     2 ||    24
         Chain mail        |       |    16 ||    16
  Dodge: Dodged            |    52 |    13 ||    65
